Map: Szmaragdowe Miasto ER

Players

Blub - Winner!

  • Race: Protoss Protoss
  • League: Gold
  • Spawn Location: 5:00

Legol - Winner!

  • Race: Protoss Protoss
  • Spawn Location: 5:00

mairaki

  • Race: Protoss Protoss
  • League: Diamond
  • Spawn Location: 11:00

Mjølner

  • Race: Zerg Zerg
  • Spawn Location: 11:00

VOD

Have the link to the VOD?

Description

Time

  • Played on: Dec. 26, 2019, 1:48 p.m.
  • Length: 8:38
Show
View Real Time Build Order
Export as new Build Order

Blub Protoss - Winner!

Build Orders:  

Get SALT Encoding   

  12  0:00  Probe  
  13  0:18  Pylon  
  13  0:22  Probe  
  14  0:34  Probe  
  15  0:37  Gateway  
  15  0:46  Probe  
  16  0:57  Assimilator  
  16  0:58  Probe (Chrono Boost)  
  17  1:09  Probe (Chrono Boost)  
  18  1:14  Probe (Chrono Boost)  
  19  1:24  Probe  
  20  1:46  Gateway  
  20  1:48  Forge  
  20  1:50  Pylon  
  20  1:54  Cybernetics Core, Zealot (Chrono Boost)  
  22  2:12  Zealot  
  23  2:24  Probe  
  24  2:35  Photon Cannon  
  24  2:39  Shield Battery  
  24  2:43  Stalker  
  26  2:44  Warp Gate (Chrono Boost)  
  26  2:54  Gateway  
  26  2:58  Pylon  
  26  3:00  Probe, Gateway  
  26  3:04  Assimilator  
  27  3:19  Probe (Chrono Boost)  
  28  3:29  Probe (Chrono Boost)  
  28  3:51  Sentry  
  26  4:30  Stalker x2  
  26  4:31  Stalker x2  
  34  4:56  Zealot x2  
  38  5:02  Pylon  
  38  5:07  Pylon  
  38  5:10  Gateway  
  38  5:29  Shield Battery  
  38  5:35  Forge  
  38  5:39  Stalker x2  
  38  5:40  Stalker x2  
  39  5:58  Gateway  
  39  6:02  Gateway  
  35  6:11  Photon Cannon  
  35  6:15  Pylon  
  35  6:19  Probe (Chrono Boost)  
  36  6:28  Probe (Chrono Boost)  
  37  6:44  Pylon  
  37  6:47  Pylon  
  37  6:49  Pylon  
  37  7:05  Photon Cannon  
  37  7:06  Zealot x2  
  37  7:08  Zealot  
  37  7:09  Zealot  
  37  7:15  Photon Cannon  
  31  7:17  Photon Cannon  
  31  7:18  Zealot  
  33  7:29  Zealot  
  30  7:33  Probe (Chrono Boost)  
  25  7:43  Probe (Chrono Boost)  
  26  7:50  Zealot  
  26  7:51  Zealot  
  24  8:02  Probe  
  25  8:14  Probe  
  25  8:19  Gateway  
  26  8:23  Zealot  
  28  8:27  Zealot  
Show
View Real Time Build Order
Export as new Build Order

Legol Protoss - Winner!

Build Orders: Oracle Opening 

Get SALT Encoding   

  12  0:01  Probe  
  13  0:13  Probe  
  14  0:18  Pylon  
  14  0:25  Probe  
  15  0:37  Probe (Chrono Boost)  
  15  0:38  Gateway  
  16  0:49  Probe (Chrono Boost)  
  17  0:54  Probe (Chrono Boost)  
  18  1:03  Probe (Chrono Boost), Assimilator  
  19  1:15  Probe (Chrono Boost)  
  20  1:22  Probe (Chrono Boost)  
  21  1:26  Cybernetics Core  
  21  1:30  Probe  
  22  1:46  Probe  
  23  1:49  Assimilator  
  23  2:02  Pylon  
  23  2:04  Nexus, Warp Gate  
  23  2:20  Probe  
  23  2:36  Gateway  
  23  2:37  Gateway  
  23  2:51  Stargate  
  23  2:54  Stalker (Chrono Boost)  
  25  3:24  Nexus  
  25  3:32  Oracle (Chrono Boost)  
  25  3:40  Zealot  
  30  4:03  Pylon  
  30  4:07  Pylon  
  30  4:11  Pylon  
  30  4:21  Oracle, Zealot x2  
  24  5:23  Probe (Chrono Boost)  
  24  5:25  Oracle  
  28  5:33  Probe (Chrono Boost)  
  29  5:38  Probe (Chrono Boost)  
  30  5:49  Probe  
  31  5:56  Zealot x2  
  31  5:57  Zealot  
  37  6:02  Probe  
  38  6:11  Oracle (Chrono Boost)  
  38  6:21  Zealot x3  
  44  6:39  Oracle (Chrono Boost)  
  47  6:51  Zealot  
  47  6:52  Zealot x2  
  53  7:11  Oracle  
  54  7:22  Zealot x3  
  37  8:07  Oracle (Chrono Boost), Zealot x3  
  44  8:28  Zealot x3  
Show
View Real Time Build Order
Export as new Build Order

mairaki Protoss 

Build Orders:  

Get SALT Encoding   

  12  0:01  Probe  
  13  0:13  Probe  
  14  0:16  Pylon  
  14  0:23  Probe  
  15  0:31  Probe  
  15  0:35  Assimilator  
  15  0:36  Assimilator  
  15  0:41  Probe  
  17  0:53  Probe  
  18  0:58  Pylon  
  18  1:05  Probe  
  19  1:18  Probe  
  20  1:30  Probe  
  20  1:32  Forge  
  21  2:39  Photon Cannon  
  21  2:42  Photon Cannon  
  20  5:22  Photon Cannon  
Show
View Real Time Build Order
Export as new Build Order

Mjølner Zerg 

Build Orders: Pool First, Zergling Baneling 

Get SALT Encoding   

  12  0:01  Drone  
  13  0:09  Drone  
  14  0:18  Overlord  
  14  0:37  Drone  
  14  0:38  Drone  
  14  0:40  Drone  
  17  0:47  Spawning Pool  
  16  0:52  Overlord  
  16  1:11  Overlord  
  16  1:19  Hatchery  
  15  1:34  Queen  
  15  1:35  Zergling x6  
  20  1:42  Hatchery  
  19  1:49  Overlord  
  19  2:00  Drone  
  20  2:08  Zergling x2  
  21  2:14  Baneling Nest  
  20  2:16  Queen  
  22  2:33  Zergling x2  
  22  2:34  Zergling x4  
  25  2:45  Zergling x2  
  25  2:48  Zergling x2  
  25  2:49  Zergling x4  
  25  2:50  Zergling x2  
  30  2:56  Zergling x6  
  33  3:02  Lair  
  33  3:04  Metabolic Boost  
  33  3:09  Queen  
  33  3:11  Zergling x4  
  33  3:12  Zergling x2  
  38  3:14  Baneling  
  38  3:15  Baneling x5  
  38  3:17  Zergling x6  
  38  3:18  Zergling x2  
  38  3:19  Zergling x4  
  44  3:29  Zergling x10  
  44  3:31  Overlord  
  49  3:46  Baneling x8  
  48  3:48  Baneling  
  48  3:49  Baneling x9  
  48  3:51  Zergling x8  
  52  4:07  Zergling x2  
  52  4:08  Zergling x16  
  61  4:11  Centrifical Hooks  
  47  4:25  Zergling x2  
  47  4:26  Zergling x6  
  47  4:30  Zergling x2  
  47  4:31  Zergling x18  
  51  4:48  Zergling x10  
  40  5:12  Baneling  
  40  5:13  Baneling x12  
  36  5:15  Zergling x14  
  42  5:24  Zergling x2  
  42  5:25  Zergling x2  
  44  5:34  Overlord  
  30  5:50  Zergling x2  
  30  5:51  Zergling x12  
  30  6:04  Zergling x2  
  30  6:05  Zergling x18  
  39  6:15  Zergling x4  
  39  6:16  Zergling x2  
  39  6:18  Overseer  
  40  6:27  Overlord  
  40  6:30  Evolution Chamber  
  40  6:31  Evolution Chamber  
  37  6:35  Baneling x3  
  37  6:36  Baneling x9  
  37  6:40  Zergling x12  
  43  6:52  Zergling x2  
  43  6:53  Zergling x18  
  29  7:30  Zergling x28  
  29  7:31  Zergling x4  
  37  7:51  Zergling x10  
  29  8:00  Drone  
  29  8:01  Drone  
  29  8:02  Drone  
  29  8:05  Drone x2  
Tags
 
Add a new tag
Caveats
  • Supply blocks, unpowered buildings, or Contaminate may cause inaccurate times.
  • Supply counts are checked every 10 seconds.